 Dungeon Crawl Stone Soup version 0.31.0-2-g5a2aebc5c2 (webtiles) character file.

Game seed: 14113647784996086549

17926 Megalobster the Severer (level 12, -2/90 HPs)
             Began as a Minotaur Berserker on Jan 21, 2024.
             Was an Elder of Trog.
             Slain by a death yak (9 damage)
             ... on level 1 of the Lair of Beasts.
             The game lasted 00:32:09 (11357 turns).

Megalobster the Severer (Minotaur Berserker)       Turns: 11357, Time: 00:32:10

Health: -2/90      AC: 12    Str: 27    XL:     12   Next: 23%
Magic:  0/20       EV: 13    Int:  4    God:    Trog [****..]
Gold:   578        SH:  0    Dex: 10    Spells: 11/11 levels left

rFire   x . .        a - +1 battleaxe
rCold   . . .        (shield currently unavailable)
rNeg    . . .        V - +0 acid dragon scales
rPois   .            (helmet restricted)
rElec   .            (no cloak)
rCorr   +            (no gloves)
SInv    .            (no boots)
Will    .....        D - amulet of guardian spirit
Stlth   +            y - +4 ring of protection
HPRegen 0.35/turn    z - ring of magical power
MPRegen 0.17/turn

%: random rage (3%), guardian spirit
@: on berserk cooldown, slowed, very slow
A: horns 2, retaliatory headbutt, berserk 1, wild magic 1, heat vulnerability 1
a: Renounce Religion, Berserk, Trog's Hand, Brothers in Arms


You were on level 1 of the Lair of Beasts.
You worshipped Trog.
Trog was greatly pleased with you.
You visited 2 branches of the dungeon, and saw 12 of its levels.

You collected 683 gold pieces.
You spent 105 gold pieces at shops.

Inventory:

Hand Weapons
 a - a +1 battleaxe (weapon)
 b - a +0 flail
 Q - a +3 war axe
Missiles
 c - 118 stones (quivered)
Armour
 i - a +0 buckler
 s - a +0 scale mail of cold resistance
 F - a +0 plate armour
 P - +0 steam dragon scales
 V - +0 acid dragon scales (worn)
Jewellery
 y - a +4 ring of protection (left hand)
 z - a ring of magical power (right hand)
 D - an amulet of guardian spirit (around neck)
Wands
 u - a wand of mindburst (6)
 A - a wand of digging (9)
 N - a wand of charming (4)
 T - a wand of flame (6)
 U - a wand of light (7)
 Y - a wand of polymorph (5)
Scrolls
 e - a scroll of fog
 f - a scroll of vulnerability {unknown}
 g - 4 scrolls of teleportation
 h - 3 scrolls of silence
 k - 3 scrolls of noise
 n - 4 scrolls of enchant weapon
 p - 2 scrolls of immolation {unknown}
 q - a scroll of enchant armour {unknown}
 w - 2 scrolls of fear
 x - 2 scrolls of poison
 B - a scroll of acquirement {unknown}
 C - 2 scrolls of revelation {unknown}
 H - a scroll of torment {unknown}
 J - 2 scrolls of blinking {unknown}
Potions
 d - 4 potions of heal wounds
 j - 3 potions of enlightenment {unknown}
 l - 2 potions of degeneration {unknown}
 m - 2 potions of invisibility
 o - 3 potions of curing {unknown}
 r - 3 potions of might
 t - a potion of berserk rage {unknown}
 v - 2 potions of lignification {unknown}
 G - 2 potions of brilliance {unknown}
 I - a potion of haste {unknown}
 K - 2 potions of mutation
 L - 2 potions of attraction {unknown}
 O - a potion of magic {unknown}
 S - 2 potions of resistance
Miscellaneous
 Z - a phantom mirror


   Skills:
 - Level 3.6 Fighting
 * Level 20.4 Axes
 + Level 9.2 Armour
 - Level 6.4 Dodging
 - Level 7.3 Evocations


You had 11 spell levels left.
You didn't know any spells.
Your spell library was empty.

Dungeon Overview and Level Annotations

Branches:
Dungeon (11/15)            Temple (0/1) D:4            Lair (1/5) D:11
    Orc: D:9-12

Altars:
Ashenzari
Dithmenos
Fedhas
Gozag
Hepliaklqana
Qazlal
Ru
Vehumet
Wu Jian
Yredelemnul
Zin

Shops:
D:1 =   D:2 (   D:10 *   D:11 *


Innate Abilities, Weirdness & Mutations

You have a pair of horns on your head.
You reflexively headbutt those who attack you in melee.
You sometimes lose your temper in combat.
Your spells are a little harder to cast, but a little more powerful.
You are vulnerable to heat. (rF-)


Message History

The komodo dragon bites you but does no damage.
As you read the scroll of fog, it dissolves into smoke.
The death yak gores you!
The komodo dragon completely misses you.
The komodo dragon attacks as it pursues you!
The komodo dragon bites you!! The death yak gores you!
Your ogre goes berserk!
The komodo dragon barely misses you. You furiously retaliate!
You headbutt the komodo dragon! The death yak gores you!
* * * LOW HITPOINT WARNING * * *
Your ogre hits the death yak with a +0 giant spiked club!!
The death yak gores you but does no damage.
You feel much better. The death yak gores you!
* * * LOW HITPOINT WARNING * * *
Your ogre hits the death yak with a +0 giant spiked club!!!
The death yak barely misses your ogre. The death yak gores you.
* * * LOW HITPOINT WARNING * * *
The death yak gores your ogre! Something gores your ogre!!
Your ogre hits the death yak but does no damage.
The death yak gores your ogre!
Your ogre dies!
Your ogre's corpse disappears in a puff of smoke!
The death yak bellows!
The death yak attacks as it pursues you!
The death yak gores you!
* * * LOW HITPOINT WARNING * * *
The death yak barely misses you. You furiously retaliate!
You headbutt the death yak!
As you read the scroll of fear, it crumbles to dust.
You assume a fearsome visage.
The komodo dragon resists with almost no effort.
The death yak looks frightened!
The death yak resists with some effort. x2
The death yak easily resists.
The death yak resists with almost no effort.
The death yak barely misses you.
The death yak gores you but does no damage. x2
The death yak gores you!
* * * LOW HITPOINT WARNING * * *
The death yak gores you!
You die...

#.....####...#. #.......Y..####
#§§§...Y..###.. ###
##§§§§.##..###.. #.#####
#.§.§§§##...♣♣.~ ......#
#..§§§.#...~~♣~~ ......#
###Y§§..PP.♣P~~~P~
......##########.Yl..§....P♣P~~~~
.......#.#......@YY......♣~P~~P~~
.................#......♣♣~~♣~~~≈
...............####.....♣~~~PP~~~
.........####### #.#...#♣~~~~~~~≈
........## ###..###♣~~~~~~~
........# #..# #.P~~~~~
........## #..# #.♣~~~~♣
.).......# #.## #..♣~~♣♣
........## #.#


You could see 4 death yaks and a komodo dragon.

Vanquished Creatures
  A boulder beetle (D:11)
  A death yak (Lair:1)
  Amaemon (Lair:1)
  An ugly thing (D:10)
  An orange demon (Lair:1)
  4 kobold demonologists
  2 komodo dragons (Lair:1)
  Jeremiah (D:9)
  3 hornets
  A water elemental (D:11)
  A vampire (D:11)
  4 wyverns
  11 yaks
  6 vampire mosquitoes (D:11)
  A basilisk (D:11)
  A steam dragon (D:9)
  4 acid dragons
  5 water moccasins
  2 ice beasts
  3 black bears
  A sky beast (D:7)
  4 orc warriors
  2 wolves (D:11)
  The ghost of diceflayer the Chopper, an amateur DsFi (D:4)
  4 centaurs
  3 kobold brigands
  4 bullfrogs
  A gnoll sergeant (D:7)
  4 scorpions
  10 wights (D:9)
  6 killer bees (D:10)
  2 electric eels (D:11)
  5 howler monkeys
  2 jellies
  A quasit (D:7)
  3 hounds
  3 gnoll boudas
  3 orc priests
  4 sleepcaps
  4 iguanas
  5 orc wizards
  13 gnolls
  8 adders
  6 shadow imps (D:7)
  2 white imps (D:7)
  5 ufetubi
  2 dart slugs
  2 ribbon worms
  20 orcs
  6 endoplasms
  8 giant cockroaches
  6 goblins (D:1)
  12 hobgoblins
  8 jackals
  2 quokkas
  6 ball pythons
  4 bats
  7 frilled lizards
  24 kobolds
  6 rats
273 creatures vanquished.

Notes
Turn   | Place    | Note
-------+----------+-------------------------------------------
     0 | D:1      | Megalobster the Minotaur Berserker began the quest for the
                  | Orb.
     0 | D:1      | Reached XP level 1. HP: 19/19 MP: 0/0
    50 | D:1      | Reached skill level 4 in Axes
    50 | D:1      | Reached XP level 2. HP: 17/26 MP: 1/1
   302 | D:1      | Reached skill level 5 in Axes
   422 | D:1      | Reached XP level 3. HP: 31/31 MP: 2/2
   519 | D:1      | Found Zoulozxa's Jewellery Shop.
  1129 | D:2      | Reached ** piety under Trog
  1148 | D:2      | Reached skill level 6 in Axes
  1148 | D:2      | Reached XP level 4. HP: 33/39 MP: 3/3
  1691 | D:2      | Found Uducoyt's Weapon Emporium.
  1850 | D:3      | Found a hazy altar of Hepliaklqana.
  2102 | D:3      | Found a blossoming altar of Fedhas.
  2319 | D:3      | Found a sacrificial altar of Ru.
  2490 | D:3      | Found a faded altar of an unknown god.
  2505 | D:3      | Reached XP level 5. HP: 45/45 MP: 4/4
  2681 | D:4      | Reached skill level 7 in Axes
  2682 | D:4      | Reached *** piety under Trog
  2690 | D:4      | Found a staircase to the Ecumenical Temple.
  2819 | D:4      | Reached XP level 6. HP: 47/51 MP: 5/5
  2912 | D:4      | Found a basalt altar of Yredelemnul.
  3040 | D:4      | Found a runed translucent door.
  3076 | D:4      | Reached skill level 8 in Axes
  3134 | D:4      | Noticed diceflayer's ghost (amateur DsFi)
  3145 | D:4      | Killed diceflayer's ghost
  3588 | D:5      | Entered Level 5 of the Dungeon
  3597 | D:5      | Reached XP level 7. HP: 50/57 MP: 6/6
  4016 | D:5      | Reached skill level 9 in Axes
  4016 | D:5      | Reached skill level 5 in Armour
  4054 | D:5      | Found a radiant altar of Vehumet.
  4462 | D:5      | Found a shadowy altar of Dithmenos.
  4462 | D:5      | Found an ornate altar of the Wu Jian Council.
  4615 | D:6      | Found a stormy altar of Qazlal.
  4745 | D:6      | Reached skill level 1 in Evocations
  4824 | D:6      | Reached skill level 10 in Axes
  4937 | D:6      | Reached XP level 8. HP: 64/64 MP: 7/7
  5149 | D:6      | Reached skill level 11 in Axes
  5313 | D:7      | Reached skill level 15 in Axes
  5313 | D:7      | Reached XP level 9. HP: 63/70 MP: 8/8
  5314 | D:7      | Reached skill level 16 in Axes
  5314 | D:7      | Reached XP level 10. HP: 70/77 MP: 9/9
  5494 | D:7      | Reached **** piety under Trog
  5722 | D:7      | Reached skill level 17 in Axes
  5977 | D:7      | Found an opulent altar of Gozag.
  5977 | D:7      | Found a glowing silver altar of Zin.
  6900 | D:9      | Paralysed by a hornet for 2 turns
  7010 | D:9      | Reached XP level 11. HP: 68/82 MP: 10/10
  7317 | D:9      | Noticed Jeremiah
  7332 | D:9      | Killed Jeremiah
  7467 | D:9      | Reached skill level 18 in Axes
  8136 | D:10     | Entered Level 10 of the Dungeon
  8195 | D:10     | Noticed a brown ugly thing
  8204 | D:10     | Killed a brown ugly thing
  8272 | D:10     | Noticed a soul eater
  8342 | D:10     | Reached skill level 19 in Axes
  8641 | D:10     | Found Erghah's CLEARANCE SALE!.
  8650 | D:10     | Bought a potion of resistance for 70 gold pieces
  8650 | D:10     | Bought a potion of heal wounds for 35 gold pieces
  8722 | D:10     | Found a broken altar of Ashenzari.
  9633 | D:11     | Found Uxysac's General Store.
 10119 | D:11     | Found a staircase to the Lair.
 10123 | D:11     | Noticed a boulder beetle
 10141 | D:11     | Killed a boulder beetle
 10522 | D:11     | Reached ***** piety under Trog
 10523 | D:11     | Reached XP level 12. HP: 88/90 MP: 11/11
 10679 | D:11     | Reached skill level 20 in Axes
 10965 | Lair:1   | Entered Level 1 of the Lair of Beasts
 10965 | Lair:1   | Noticed Amaemon
 11075 | Lair:1   | Killed Amaemon
 11280 | Lair:1   | Noticed a death yak
 11327 | Lair:1   | Noticed a death yak
 11327 | Lair:1   | Noticed a death yak
 11328 | Lair:1   | Noticed a death yak
 11331 | Lair:1   | Noticed a death yak
 11331 | Lair:1   | Noticed a death yak
 11336 | Lair:1   | Killed a death yak
 11345 | Lair:1   | Gained mutation: Your spells are a little harder to cast,
                  | but a little more powerful. [potion of mutation]
 11345 | Lair:1   | Gained mutation: You are vulnerable to heat. (rF-) [potion
                  | of mutation]
 11345 | Lair:1   | Gained mutation: You sometimes lose your temper in combat.
                  | [potion of mutation]
 11357 | Lair:1   | Slain by a death yak

Illustrated notes

Levels and vault maps discovered:
D:1:      arrival_zaba_pyramid, layout_basic, serial_shops,
          nicolae_shop_tiny_real_fake_doors
D:2:      wad_lake_hut, layout_basic, serial_shops, shop
D:3:      layout_loops_cross, mainiacjoe_overflow_small_starburst,
          nicolae_ru_awakened_eye, lemuel_doored_altar,
          hellmonk_ecumenical_altar_prayer_group, mrwooster_statue_mirror
D:4:      cheibrodos_helix_gallery, layout_basic,
          mainiacjoe_overflow_concentric_impassable, minmay_temple_entry_wispy,
          ebering_ghost_sewer_d
D:5:      layout_cave_pools, lemuel_crystal_altar, jmf_multi_god_temple,
          serial_glass, glass_columns_b, glass_columns_a, glass_columns_a,
          glass_columns_a, item_on_display_a, due_unseen_surprise
D:6:      layout_rooms, mainiacjoe_overflow_paths
D:7:      layout_loops_ring, grunt_temple_overflow_gold_and_silver,
          serial_demonic, serial_demonic_a, serial_demonic_g, serial_demonic_b,
          serial_demonic_a
D:8:      layout_gridville
D:9:      layout_gridville, grunt_ministairs_13, uniq_jeremiah
D:10:     layout_loops_ring, nicolae_overflow_hidden_temple, minivault_1,
          minmay_misc_feat_rows, nicolae_shop_clearance
D:11:     layout_basic, minmay_lair_entry_grove, serial_shops,
          nicolae_stop_n_shop_1, minivault_21, grunt_ministairs_2
Lair:1:   layout_cave_pods, serial_bayou, serial_bayou_pond_c,
          serial_bayou_shore_b, serial_bayou_crossing, serial_bayou_lake_a,
          worms_lemuel, infiniplex_staircase_pool_2, serial_bayou_shore_b,
          uniq_grum, uniq_amaemon

Skill      XL: |  1  2  3  4  5  6  7  8  9 10 11 12 |
---------------+-------------------------------------+-----
Axes           | 4 5 6 7 8 10 15 16 17 19 20 | 20.4
Armour         | 3 4 5 7 8 9 |  9.2
Evocations     | 1 7 |  7.3
Dodging        | 6 |  6.4
Fighting       | |  3.6

Action                     |  1- 3 |  4- 6 |  7- 9 | 10-12 || total
---------------------------+-------+-------+-------+-------++-------
  Melee: Hand axe          |    63 |   181 |   149 |    91 ||   484
         Headbutt          |     9 |    22 |    34 |    83 ||   148
         Punch             |     1 |     1 |     1 |     4 ||     7
         War axe           |       |       |       |   117 ||   117
         Battleaxe         |       |       |       |   187 ||   187
 Invoke: Berserk           |     2 |     3 |     3 |    11 ||    19
         Trog's Hand       |       |       |     1 |     5 ||     6
         Brothers in Arms  |       |       |       |     1 ||     1
  Evoke: Wand              |       |       |       |     4 ||     4
    Use: Scroll            |       |     5 |     4 |     4 ||    13
         Potion            |       |       |     4 |     3 ||     7
 Armour: Animal skin       |    20 |       |       |       ||    20
         Leather armour    |    15 |    14 |       |       ||    29
         Scale mail        |       |   101 |   117 |    43 ||   261
         Plate armour      |       |       |       |   275 ||   275
         Acid dragon scale |       |       |       |    32 ||    32
  Dodge: Dodged            |    38 |    81 |    61 |   196 ||   376
